 Dungeon Crawl Stone Soup version 0.27-a0-1144-g0b7d3b79db (webtiles) character file.

Game seed: 3308548771556080501

335842 gruber the Metallomancer (level 20, -1/91 HPs)
             Began as a Spriggan Earth Elementalist on May 10, 2021.
             Was the Champion of Vehumet.
             Slain by a spark wasp (5 damage)
             ... on level 15 of the Dungeon.
             The game lasted 01:47:11 (52737 turns).

gruber the Metallomancer (SpEE)                    Turns: 52737, Time: 01:47:12

Health: -1/91      AC: 15    Str:  7    XL:     20   Next: 97%
Magic:  0/43       EV: 26    Int: 30    God:    Vehumet [******]
Gold:   2945       SH:  0    Dex: 15    Spells: 9/56 levels left

rFire    . . .     SeeInvis +   i - staff of earth
rCold    + + .     Faith    .   (shield currently unavailable)
rNeg     + . .     Spirit   +   e - +0 swamp dragon scales
rPois    +         Reflect  .   d - +2 hat of the Bear Spirit {Spirit, +Rage rN+ Will++}
rElec    +         Harm     .   y - +2 cloak {rCorr}
rCorr    +         Rampage  .   (gloves unavailable)
Will     +++++                  (boots unavailable)
Stlth    ++........             k - amulet of magic regeneration
HPRegen  0.25/turn              q - +6 ring of intelligence
MPRegen  0.53/turn              U - ring "Silit" {rElec rC++ EV+4 Str+3 Dex-2}

@: very quick
A: very small, no large weapons, unfitting armour, see invisible, speed 3
}: 2/15 runes: decaying, gossamer
a: Renounce Religion, Evoke Berserk Rage


You were on level 15 of the Dungeon.
You worshipped Vehumet.
Vehumet was exalted by your worship.
You visited 8 branches of the dungeon, and saw 37 of its levels.
You visited 1 bazaar.
You also visited: Ice Cave, Volcano and Wizlab.

You collected 4655 gold pieces.
You spent 1710 gold pieces at shops.

Inventory:

Missiles
 b - 1082 stones
 I - 4 curare-tipped darts
Armour
 d - the +2 hat of the Bear Spirit (worn) {Spirit, +Rage rN+ Will++}
   (You bought it in a shop in a bazaar)

   It protects you from negative energy.
   It lets you go berserk.
   It greatly increases your willpower.
 e - +0 swamp dragon scales (worn)
 y - a +2 cloak of preservation (worn)
 z - a +1 robe of cold resistance
Magical Staves
 i - a staff of earth (weapon)
Jewellery
 k - an amulet of magic regeneration (around neck)
 q - a +6 ring of intelligence (left hand)
 C - the ring "Rusemiel" {Fly Slay+3}
   (You found it on level 6 of the Lair of Beasts)

   [ring of flight]

   It affects your accuracy and damage with ranged weapons and melee attacks
   (+3).
   It grants you flight.
 U - the ring "Silit" (right hand) {rElec rC++ EV+4 Str+3 Dex-2}
   (You found it on level 2 of the Swamp)

   [ring of evasion]

   It affects your evasion (+4).
   It affects your strength (+3).
   It affects your dexterity (-2).
   It greatly protects you from cold.
   It insulates you from electricity.
Wands
 B - a wand of mindburst (28)
 F - a wand of polymorph (22)
 H - a wand of flame (80)
 J - a wand of iceblast (43)
 T - a wand of charming (10)
 W - a wand of paralysis (25)
 X - a wand of acid (20)
Scrolls
 c - a scroll of summoning
 f - 21 scrolls of teleportation {unknown}
 h - 4 scrolls of enchant armour {unknown}
 j - 6 scrolls of vulnerability {unknown}
 l - 11 scrolls of enchant weapon {unknown}
 m - 2 scrolls of holy word {unknown}
 o - 3 scrolls of brand weapon {unknown}
 r - 3 scrolls of fear {unknown}
 s - 3 scrolls of immolation {unknown}
 t - 10 scrolls of amnesia
 u - 9 scrolls of blinking
 v - 4 scrolls of silence {unknown}
 D - 7 scrolls of identify
 E - 7 scrolls of magic mapping
 G - 2 scrolls of torment
 S - 5 scrolls of fog
Potions
 a - 7 potions of brilliance
 g - 8 potions of flight
 n - 10 potions of heal wounds
 p - 7 potions of invisibility
 w - 19 potions of curing
 x - 9 potions of attraction
 A - 4 potions of resistance
 N - 2 potions of magic
 O - 5 potions of cancellation
 Q - 5 potions of haste
 R - a potion of might
 V - 2 potions of berserk rage
 Y - 2 potions of mutation
Miscellaneous
 K - a lightning rod (4/4)


   Skills:
 - Level 4.7 Fighting
 - Level 9.0 Armour
 - Level 17.1 Dodging
 - Level 3.0 Stealth
 - Level 2.7 Shields
 * Level 18.8 Spellcasting
 - Level 6.5 Conjurations
 - Level 5.1 Translocations
 - Level 1.3 Transmutations
 - Level 5.0 Fire Magic
 - Level 5.0 Ice Magic
 - Level 23.0 Earth Magic
 - Level 0.1 Evocations


You had 9 spell levels left.
You knew the following spells:

 Your Spells              Type           Power      Damage    Failure   Level
a - Sandblast             Erth           100%       2d20      0%          1
b - Magic Dart            Conj           100%       1d8       1%          1
c - Stone Arrow           Conj/Erth      100%       3d13      1%          3
d - Blink                 Tloc           N/A        N/A       1%          2
e - Petrify               Tmut/Erth      100%       N/A       1%          4
f - Lehudib's Crystal Sp  Conj/Erth      54%        10d13     16%         8
g - Sticky Flame          Conj/Fire      58%        2d7       1%          4
h - Frozen Ramparts       Ice            100%       1d12      1%          3
i - Iskenderun's Battles  Conj           61%        2d11      2%          5
j - Lee's Rapid Deconstr  Erth           64%        3d30*     0%          5
k - Bolt of Magma         Conj/Fire/Erth 49%        4d20      1%          5
l - Iron Shot             Conj/Erth      54%        9d10      1%          6

Your spell library contained the following spells:

 Spells                   Type           Power      Damage    Failure   Level
 Shatter                  Erth           64%        3d48*     9%          9
 Chain Lightning          Conj/Air       23%        N/A       100%        8
 Absolute Zero            Ice            27%        ∞         100%        9
 Apportation              Tloc           100%       N/A       1%          1
 Foxfire                  Conj/Fire      100%       2x1d9     1%          1
 Freeze                   Ice            100%       1d11      1%          1
 Shock                    Conj/Air       100%       1d9       1%          1
 Ensorcelled Hibernation  Hex/Ice        86%        N/A       1%          2
 Passwall                 Tmut/Erth      83%        N/A       1%          2
 Searing Ray              Conj           100%       3d7       1%          2
 Static Discharge         Conj/Air       47%        N/A       1%          2
 Conjure Flame            Conj/Fire      58%        6-21      1%          3
 Dazzling Flash           Conj/Hex       94%        N/A       1%          3
 Ignite Poison            Fire/Tmut/Pois 41%        N/A       1%          3
 Lesser Beckoning         Tloc           28%        N/A       1%          3
 Mephitic Cloud           Conj/Pois/Air  41%        N/A       1%          3
 Ozocubu's Armour         Ice            55%        N/A       1%          3
 Hailstorm                Conj/Ice       58%        3d13      1%          4
 Iskenderun's Mystic Bla  Conj/Tloc      58%        2d12      1%          4
 Leda's Liquefaction      Hex/Erth       49%        N/A       1%          4
 Borgnjor's Vile Clutch   Necr/Erth      49%        N/A       1%          5
 Beastly Appendage        Tmut           72%        N/A       2%          1
 Fulminant Prism          Conj/Hex       23%        3d13      2%          4
 Fireball                 Conj/Fire      29%        3d13      2%          5
 Animate Skeleton         Necr           56%        N/A       3%          1
 Corona                   Hex            31%        N/A       3%          1
 Summon Small Mammal      Summ           100%       N/A       3%          1
 Wereblood                Tmut           36%        N/A       3%          2
 Call Imp                 Summ           28%        N/A       6%          2
 Slow                     Hex            28%        N/A       6%          2
 Sublimation of Blood     Necr           14%        N/A       6%          2
 Irradiate                Conj/Tmut      25%        3d22      6%          5
 Lightning Bolt           Conj/Air       23%        1d39      8%          5
 Spider Form              Tmut/Pois      16%        N/A       9%          3
 Airstrike                Air            14%        N/A       11%         4
 Ice Form                 Ice/Tmut       47%        N/A       11%         4
 Call Canine Familiar     Summ           28%        N/A       12%         3
 Confusing Touch          Hex            28%        N/A       12%         3
 Summon Guardian Golem    Hex/Summ       28%        N/A       12%         3
 Swiftness                Air            28%        N/A       12%         3
 Tukima's Dance           Hex            28%        N/A       12%         3
 Summon Ice Beast         Ice/Summ       43%        N/A       14%         4
 Starburst                Conj/Fire      29%        8x6d9     16%         6
 Animate Dead             Necr           14%        N/A       36%         4
 Summon Lightning Spire   Summ/Air       28%        N/A       36%         4
 Metabolic Englaciation   Hex/Ice        21%        N/A       36%         5
 Hydra Form               Tmut           18%        N/A       52%         5
 Alistair's Intoxication  Tmut/Pois      21%        N/A       63%         5
 Eringya's Noxious Bog    Tmut/Pois      16%        N/A       71%         6
 Spellforged Servitor     Conj/Summ      23%        N/A       88%         7
 Simulacrum               Ice/Necr       21%        N/A       91%         6
 Blade Hands              Tmut           18%        N/A       98%         6
 Death Channel            Necr           14%        N/A       99%         6
 Invisibility             Hex            28%        N/A       99%         6
 Ignition                 Fire           27%        3d9       99%         8
 Haunt                    Necr/Summ      14%        N/A       100%        7
 Malign Gateway           Summ/Tloc      21%        N/A       100%        7
 Monstrous Menagerie      Summ           14%        N/A       100%        7
 Summon Horrible Things   Summ           14%        N/A       100%        8


Dungeon Overview and Level Annotations

Branches:
Dungeon (15/15)            Temple (1/1) D:6            Lair (6/6) D:9
  Swamp (4/4) Lair:3       Spider (4/4) Lair:3        Slime (0/5) Lair:6
    Orc (2/2) D:11            Elf (0/3) Orc:2        Vaults (4/5) D:13
  Crypt (0/3) Vaults:2     Depths (1/5) D:15          IceCv (visited)
Volcano (visited)          WizLab (visited)

Altars:
Cheibriados
Dithmenos
Elyvilon
Fedhas
Gozag
Hepliaklqana
Kikubaaqudgha
Makhleb
Okawaru
Qazlal
Ru
Sif Muna
Uskayaw
Vehumet
Wu Jian
Xom
Yredelemnul
Zin
Beogh
Jiyva

Shops:
D:6 =   D:13 !   Orc:2 ??[[*   Vaults:1 *   Vaults:2 ?

Annotations:
D:4 2 runed translucent doors
Lair:4 1 runed translucent door, qborf's ghost, journeyman HOMo
Swamp:2 2 transporters
Swamp:4 3 runed translucent doors, Lutigute's ghost, adept DDFi


Innate Abilities, Weirdness & Mutations

You are very small and have problems with some larger weapons.
You are too small for most types of armour.
You have supernaturally acute eyesight. (SInv)
You cover ground extremely quickly. (Speed+++)


Message History

Casting: Blink (safe; 1% risk of failure)
Confirm with . or Enter, or press ? or * to list all spells.
Aiming: Sticky Flame (mildly dangerous; 1% risk of failure)
Press: ? - help, Shift-Dir - straight line, f - spark wasp
Aim: a spark wasp (100% to hit)
The sticky flame hits the spark wasp!
The spark wasp is lightly wounded.
The spark wasp is covered in liquid flames!
The spark wasp burns!
You hit the spark wasp but do no damage.
The spark wasp is moderately wounded.
The spark wasp burns!
The spark wasp stings you. The spark wasp shocks you. You resist.
The spark wasp stings you!! The spark wasp shocks you. You resist.
The spark wasp stings you!! The spark wasp shocks you. You resist.
* * * LOW HITPOINT WARNING * * *
The spark wasp completely misses you.
Unknown command.
Casting: Sticky Flame (mildly dangerous; 1% risk of failure)
Confirm with . or Enter, or press ? or * to list all spells.
You blink.
The spark wasp burns!
Unknown command.
Unknown command.
Unknown command.
The spark wasp burns!
Casting: Blink (safe; 1% risk of failure)
Confirm with . or Enter, or press ? or * to list all spells.
Aiming: Bolt of Magma (mildly dangerous; 1% risk of failure)
Press: ? - help, Shift-Dir - straight line, f/p - spark wasp
Aim: a spark wasp (moderately wounded, covered in liquid flames, 73% to hit)
You feel a surge of power!
The bolt of magma hits the spark wasp!!!
The spark wasp is heavily wounded.
The bolt of magma hits the spark wasp!!!
You kill the spark wasp!
Vehumet accepts your kill.
You feel your power returning. The spark wasp completely misses you.
The spark wasp stings you!!
* * * LOW HITPOINT WARNING * * *
The spark wasp shocks you. You resist.
You die...

###.# # #.# #.# #.#
#.### ### ###### #...#
##.###..#.## ###.#
######...##.....#
#.####...##....#÷##.##
#........#>.@y.[.##..#
##
#..###...##...[###...#
.# #..#
######...###..### .#
#..# ###.####.##
.####..# #.#####...##
....(..# #...##.....#
.###.###
#####.###.....#### .#
#.# #......(##...##..#
## #.#
#.###...###.####.#


You could see a spark wasp.

Vanquished Creatures
  Nikola (Spider:1)
  Arachne (Spider:4)
  Rupert (Spider:1)
  2 liches
  2 sphinxes (Vaults:4)
  A tengu reaver (Vaults:2)
  8 vault wardens
  Louise (Swamp:3)
  2 orc warlords
  Aizul (Spider:4)
  6 ghost moths
  4 emperor scorpions
  9 ironbound preservers
  10 very ugly things
  3 war gargoyles (Vaults:1)
  6 bunyips
  10 purple draconians (WizLab)
  Azrael (Spider:1)
  9 spark wasps
  5 entropy weavers
  2 eleionomae
  3 fire dragons (Swamp:4)
  4 ettins
  9 statues (WizLab)
  A crystal guardian (Vaults:1)
  3 shambling mangroves
  2 ironbound thunderhulks (Vaults:4)
  2 rakshasas
  5 great orbs of eyes
  28 hydras
  Fannar (Orc:1)
  11 yaktaur captains
  3 vault guards (D:13)
  7 boulder beetles
  18 centaur warriors
  6 ironbound frosthearts
  A peacekeeper (Vaults:1)
  4 catoblepae
  Erica (Orc:1)
  7 two-headed ogres
  12 alligators
  An ironbound beastmaster (Vaults:1)
  16 death yaks
  5 orc high priests (Orc:2)
  2 deep troll earth magi
  Urug (D:12)
  A hell knight (Volcano)
  4 spriggans
  3 skeletal warriors (D:14)
  2 fire crabs (Swamp:4)
  A sixfirhy (Depths:1)
  3 goliath frogs
  7 swamp dragons
  A glowing orange brain (Vaults:4)
  3 spriggan druids
  28 deep trolls
  12 wizards
  5 bog bodies
  4 lindwurms
  4 necromancers
  2 deep elf pyromancers
  12 ironbound convokers
  6 manticores
  17 orb spiders
  12 orc knights
  2 orc sorcerers
  38 ugly things
  8 cyclopes
  30 wolf spiders
  16 elephants
  4 will-o-the-wisps
  3 moths of wrath (Spider:4)
  Maurice (D:9)
  6 black mambas
  6 vault sentinels
  3 ice statues (IceCv)
  2 molten gargoyles (Volcano)
  7 torpor snails
  An unseen horror (D:11)
  13 cane toads
  A kobold demonologist (D:9)
  8 komodo dragons
  Psyche (D:11)
  2 gargoyles
  34 yaktaurs
  3 rime drakes
  14 demonic crawlers
  17 tengu conjurers (WizLab)
  5 ice devils (IceCv)
  2 bloated husks
  4 trolls
  30 jumping spiders
  A polar bear (shapeshifter) (D:13)
  A queen bee (Lair:4)
  2 polar bears (Lair:5)
  3 meliai (Lair:4)
  9 tyrant leeches
  21 hornets
  34 slime creatures
  5 dream sheep (Lair:5)
  8 blink frogs
  A meliai zombie (D:8)
  Sigmund (D:5)
  93 redbacks
  41 tarantellas
  A redback (shapeshifter) (D:13)
  68 yaks
  8 wyverns
  5 basilisks
  4 fire elementals (Spider:1)
  2 fire bats (Volcano)
  2 wraiths (D:13)
  3 steam dragons
  18 humans (D:13)
  11 vampire mosquitoes
  8 wargs
  19 swamp worms
  An acid dragon (D:11)
  3 hell hounds (Spider:1)
  21 water moccasins
  40 orc warriors
  2 black bears
  5 sky beasts
  13 swamp drakes
  A boggart (Vaults:3)
  14 wolves
  A phantom (D:6)
  15 centaurs
  3 kobold brigands
  12 bullfrogs
  A gnoll sergeant (D:6)
  A wyvern zombie (D:8)
  6 scorpions
  A wyvern skeleton (D:6)
  21 killer bees
  7 wights
  12 electric eels
  3 howler monkeys (D:9)
  2 bullfrog zombies
  8 centaur zombies
  5 lava snakes (Volcano)
  A draconian simulacrum (IceCv)
  A centaur skeleton (D:7)
  2 jellies
  34 orc priests
  Crazy Yiuf (D:5)
  5 hounds
  3 bullfrog skeletons
  6 iguanas
  14 orc wizards
  An iguana (shapeshifter) (D:15)
  5 hell rats (Lair:4)
  A troll simulacrum (IceCv)
  4 centaur simulacra
  A hound skeleton (D:5)
  A howler monkey zombie (D:9)
  4 gnolls
  An ogre simulacrum (IceCv)
  6 adders
  4 naga simulacra (IceCv)
  An ufetubus (D:6)
  An adder zombie (D:4)
  3 worms
  A dart slug (D:5)
  89 orcs
  2 bats (D:2)
  9 endoplasms
  5 giant cockroaches
  6 goblins
  3 hobgoblins
  10 jackals
  2 quokkas
  8 ball pythons
  4 frilled lizards
  8 kobolds
  5 rats
  A fire vortex (Swamp:4)
1446 creatures vanquished.

Vanquished Creatures (others)
  A tyrant leech (Swamp:4)
  A steam dragon (Swamp:4)
  4 swamp drakes (Swamp:4)
  6 foxfires
  69 fungi
  84 plants
165 creatures vanquished.

Grand Total: 1611 creatures vanquished

Notes
Turn   | Place    | Note
-------+----------+-------------------------------------------
     0 | D:1      | gruber the Spriggan Earth Elementalist began the quest for
                  | the Orb.
     0 | D:1      | Reached XP level 1. HP: 9/9 MP: 5/5
   207 | D:1      | Reached XP level 2. HP: 10/13 MP: 3/7
   217 | D:1      | Learned a level 1 spell: Magic Dart
  1057 | D:2      | Reached XP level 3. HP: 10/16 MP: 2/9
  1350 | D:2      | Reached skill level 1 in Conjurations
  1514 | D:2      | Learned a level 3 spell: Stone Arrow
  1517 | D:2      | Learned a level 2 spell: Blink
  1519 | D:2      | Identified the Volume of Shifting Combat Magic
  1601 | D:2      | You fall into a shaft and drop 2 floors!
  1655 | D:4      | Reached skill level 3 in Earth Magic
  1655 | D:4      | Reached XP level 4. HP: 21/21 MP: 6/11
  2188 | D:3      | Reached skill level 4 in Earth Magic
  2694 | D:3      | Reached XP level 5. HP: 24/24 MP: 9/12
  3175 | D:4      | Found a large runed translucent door.
  3175 | D:4      | Found a large runed translucent door.
  3194 | D:4      | Reached skill level 5 in Earth Magic
  3199 | D:4      | Learned a level 4 spell: Petrify
  3216 | D:4      | Noticed a centaur
  3219 | D:4      | Killed a centaur
  3220 | D:4      | Reached skill level 5 in Spellcasting
  3220 | D:4      | Reached XP level 6. HP: 18/28 MP: 9/14
  3405 | D:4      | Found a large runed translucent door.
  3405 | D:4      | Found a large runed translucent door.
  3443 | D:4      | Noticed a two-headed ogre
  3458 | D:4      | Killed a two-headed ogre
  3459 | D:4      | Reached XP level 7. HP: 32/32 MP: 9/20
  3663 | D:5      | Entered Level 5 of the Dungeon
  3674 | D:5      | Reached XP level 8. HP: 31/36 MP: 17/22
  3832 | D:5      | Found a runed translucent door.
  3833 | D:5      | Noticed Crazy Yiuf
  3977 | D:5      | Reached skill level 10 in Spellcasting
  3993 | D:5      | Found a white marble altar of Elyvilon.
  4096 | D:5      | Noticed Sigmund
  4102 | D:5      | Killed Sigmund
  4595 | D:5      | Killed Crazy Yiuf
  4791 | D:6      | Reached skill level 1 in Shields
  4985 | D:6      | Found a staircase to the Ecumenical Temple.
  5033 | Temple   | Entered the Ecumenical Temple
  5085 | Temple   | Became a worshipper of Vehumet
  5237 | D:6      | Found Tufeekiw's Jewellery Shop.
  5386 | D:6      | Reached XP level 9. HP: 33/39 MP: 17/24
  5728 | D:6      | Reached skill level 5 in Dodging
  5880 | D:7      | Found a shadowy altar of Dithmenos.
  6364 | D:7      | Reached * piety under Vehumet
  6364 | D:7      | Offered knowledge of Freeze by Vehumet.
  6531 | D:7      | Found an iron altar of Okawaru.
  6655 | D:8      | Noticed a two-headed ogre
  6670 | D:8      | Killed a two-headed ogre
  6671 | D:8      | Reached skill level 10 in Dodging
  7051 | D:8      | Found a faded altar of an unknown god.
  7051 | D:8      | Found a hazy altar of Hepliaklqana.
  7059 | D:8      | Found a stormy altar of Qazlal.
  7061 | D:8      | Found a shimmering blue altar of Sif Muna.
  7063 | D:8      | Found a sacrificial altar of Ru.
  7450 | D:8      | Reached XP level 10. HP: 44/44 MP: 14/25
  7543 | D:8      | Reached skill level 1 in Fighting
  8055 | D:9      | Found a staircase to the Lair.
  9064 | D:9      | Learned a level 2 spell: Searing Ray
  9102 | D:9      | Reached skill level 6 in Earth Magic
  9135 | D:9      | Reached ** piety under Vehumet
  9183 | D:9      | Noticed Maurice
  9199 | D:9      | Killed Maurice
  9199 | D:9      | Offered knowledge of Foxfire by Vehumet.
  9222 | D:9      | Reached skill level 7 in Earth Magic
  9316 | D:9      | Noticed a two-headed ogre
  9339 | D:9      | Killed a two-headed ogre
  9340 | D:9      | Reached skill level 8 in Earth Magic
  9476 | D:9      | Found a glowing silver altar of Zin.
  9803 | D:10     | Entered Level 10 of the Dungeon
  9822 | D:10     | Reached XP level 11. HP: 53/53 MP: 10/26
  9901 | D:10     | Reached skill level 9 in Earth Magic
  9930 | D:10     | Noticed a two-headed ogre
  9943 | D:10     | Killed a two-headed ogre
  9944 | D:10     | Reached skill level 1 in Armour
 10046 | D:10     | Noticed a two-headed ogre
 10049 | D:10     | Killed a two-headed ogre
 10961 | D:11     | Noticed Urug
 10961 | D:11     | Noticed Psyche
 11079 | D:11     | Offered knowledge of Inner Flame by Vehumet.
 11087 | D:11     | Reached skill level 5 in Armour
 11256 | D:11     | Reached *** piety under Vehumet
 11328 | D:11     | Noticed a boulder beetle
 11643 | D:12     | Reached skill level 5 in Conjurations
 11785 | D:12     | Noticed a six-headed hydra
 11805 | D:12     | Killed a six-headed hydra
 11849 | D:12     | You fall into a shaft and drop 1 floor!
 11887 | D:13     | Reached XP level 12. HP: 58/58 MP: 19/27
 11964 | D:13     | Offered knowledge of Sticky Flame by Vehumet.
 12010 | D:13     | Learned a level 4 spell: Sticky Flame
 12028 | D:13     | Found Oquessaf's Distillery.
 12032 | D:13     | Noticed a five-headed hydra
 12063 | D:13     | Killed a five-headed hydra
 12116 | D:13     | Noticed a boulder beetle
 12245 | D:13     | Killed a boulder beetle
 12340 | D:13     | Reached skill level 10 in Earth Magic
 12428 | D:13     | Noticed a two-headed ogre
 12450 | D:13     | Killed a two-headed ogre
 12742 | D:13     | Reached skill level 11 in Earth Magic
 12810 | D:13     | Reached **** piety under Vehumet
 12891 | D:13     | Offered knowledge of Frozen Ramparts by Vehumet.
 13024 | D:12     | Found a shimmering blue altar of Sif Muna.
 13132 | D:12     | Reached skill level 12 in Earth Magic
 13359 | D:12     | Killed Urug
 13441 | D:11     | Killed Psyche
 13628 | D:11     | Noticed a two-headed ogre
 13637 | D:11     | Killed a two-headed ogre
 13687 | D:11     | Reached XP level 13. HP: 55/61 MP: 26/29
 13954 | D:11     | Found a staircase to the Orcish Mines.
 14090 | D:11     | Learned a level 3 spell: Frozen Ramparts
 14197 | Lair:1   | Entered Level 1 of the Lair of Beasts
 14364 | Lair:1   | Reached skill level 13 in Earth Magic
 15354 | Lair:2   | Reached ***** piety under Vehumet
 15394 | Lair:2   | Found a frozen archway.
 15433 | IceCv    | Entered an ice cave
 15498 | IceCv    | Offered knowledge of Iskenderun's Battlesphere by Vehumet.
 15505 | IceCv    | Learned a level 5 spell: Iskenderun's Battlesphere
 16637 | Lair:3   | Found a hole to the Spider Nest.
 16921 | Lair:3   | Reached skill level 15 in Spellcasting
 17570 | Lair:3   | Found a staircase to the Swamp.
 17822 | Lair:4   | Found a runed translucent door.
 17824 | Lair:4   | Found a shimmering altar of Xom.
 17824 | Lair:4   | Noticed qborf's ghost (journeyman HOMo)
 18047 | Lair:4   | Learned a level 5 spell: Lee's Rapid Deconstruction
 18067 | Lair:3   | Reached XP level 14. HP: 47/65 MP: 27/34
 18344 | Lair:4   | Reached skill level 1 in Ice Magic
 18728 | Lair:4   | Offered knowledge of Lightning Bolt by Vehumet.
 19353 | Lair:4   | Reached skill level 5 in Ice Magic
 19374 | Lair:4   | Reached skill level 1 in Translocations
 19702 | Lair:5   | Reached skill level 5 in Translocations
 19888 | Lair:5   | Reached skill level 1 in Fire Magic
 20403 | Lair:5   | Reached skill level 5 in Fire Magic
 21162 | Lair:6   | Entered Level 6 of the Lair of Beasts
 21489 | Lair:6   | Reached XP level 15. HP: 70/70 MP: 16/36
 21625 | Lair:6   | Offered knowledge of Bolt of Magma by Vehumet.
 21632 | Lair:6   | Learned a level 5 spell: Bolt of Magma
 21774 | Lair:6   | Found a hide-covered altar of Uskayaw.
 21774 | Lair:6   | Found an ornate altar of the Wu Jian Council.
 22243 | Lair:6   | Reached skill level 15 in Dodging
 22291 | Lair:6   | Identified the ring "Rusemiel" {Fly Slay+3}
 22484 | Lair:6   | Reached ****** piety under Vehumet
 22611 | Lair:6   | Found a staircase to the Slime Pits.
 22611 | Lair:6   | Found a viscous altar of Jiyva.
 23242 | Orc:1    | Entered Level 1 of the Orcish Mines
 23266 | Orc:1    | Found a burning altar of Makhleb.
 23569 | Orc:1    | Noticed Erica
 23574 | Orc:1    | Killed Erica
 23751 | Orc:1    | Noticed Fannar
 23760 | Orc:1    | Killed Fannar
 24090 | Orc:2    | Entered Level 2 of the Orcish Mines
 24091 | Orc:2    | Noticed an orc warlord
 24103 | Orc:2    | Killed an orc warlord
 24120 | Orc:2    | Found a dark tunnel.
 24138 | Volcano  | Entered a volcano
 24322 | Volcano  | Offered knowledge of Ozocubu's Refrigeration by Vehumet.
 24549 | Volcano  | Found a bloodstained altar of Trog.
 25305 | Orc:2    | Found Bahiesku's Magic Scroll Shoppe.
 25316 | Orc:2    | Found a staircase to the Elven Halls.
 26090 | Orc:2    | Offered knowledge of Iron Shot by Vehumet.
 26100 | Orc:2    | Learned a level 6 spell: Iron Shot
 26340 | Orc:2    | Found Jireulipp's Magic Scroll Boutique.
 26343 | Orc:2    | Found Zaxka's Antique Armour Boutique.
 26346 | Orc:2    | Found Deam's Armour Shop.
 26347 | Orc:2    | Found Luerhopn's General Store.
 26715 | D:13     | Reached skill level 14 in Earth Magic
 26737 | D:13     | Reached XP level 16. HP: 74/74 MP: 24/37
 26874 | D:13     | Found a gate to the Vaults.
 28034 | D:15     | Entered Level 15 of the Dungeon
 28049 | D:15     | Found a flickering gateway to a bazaar.
 28072 | Bazaar   | Entered a bazaar
 28073 | Bazaar   | Found Angihiv's Magic Scroll Shoppe.
 28079 | Bazaar   | Found Emeirala's Antique Armour Shop.
 28081 | Bazaar   | Bought a scroll of blinking for 97 gold pieces
 28093 | Bazaar   | Found Rosei's General Store.
 28126 | Bazaar   | Found Rogump's Jewellery Shoppe.
 28154 | Bazaar   | Bought a scroll of blinking for 97 gold pieces
 28154 | Bazaar   | Bought a scroll of blinking for 97 gold pieces
 28154 | Bazaar   | Bought a scroll of magic mapping for 45 gold pieces
 28154 | Bazaar   | Bought a scroll of magic mapping for 45 gold pieces
 28161 | Bazaar   | Bought the +2 hat of the Bear Spirit {Spirit, +Rage rN+
                  | Will++} for 1329 gold pieces
 28161 | Bazaar   | Found the +2 hat of the Bear Spirit {Spirit, +Rage rN+
                  | Will++}
 28231 | D:15     | Identified a scroll of acquirement
 28232 | D:15     | Acquired 723 gold pieces
 28421 | D:15     | Reached skill level 15 in Earth Magic
 28686 | D:15     | Found a staircase to the Depths.
 28933 | Swamp:1  | Entered Level 1 of the Swamp
 29533 | Swamp:1  | Offered knowledge of Yara's Violent Unravelling by Vehumet.
 29855 | Swamp:2  | Reached skill level 16 in Earth Magic
 30207 | Swamp:2  | Found a transporter.
 30332 | Swamp:2  | Found a transporter.
 30585 | Swamp:2  | Found an opulent altar of Gozag.
 30592 | Swamp:2  | Identified the ring "Silit" {rElec rC++ EV+4 Str+3 Dex-2}
 31843 | Swamp:3  | Noticed Louise
 31849 | Swamp:3  | Killed Louise
 31850 | Swamp:3  | Reached XP level 17. HP: 78/78 MP: 11/38
 32257 | Swamp:4  | Entered Level 4 of the Swamp
 32257 | Swamp:4  | Found a runed translucent gate.
 32257 | Swamp:4  | Found a runed translucent gate.
 32257 | Swamp:4  | Found a runed translucent gate.
 32257 | Swamp:4  | Noticed Lutigute's ghost (adept DDFi)
 32695 | Swamp:4  | Offered knowledge of Lehudib's Crystal Spear by Vehumet.
 33235 | Swamp:4  | Learned a level 8 spell: Lehudib's Crystal Spear
 33936 | Swamp:4  | Got a decaying rune of Zot
 34445 | Spider:1 | Entered Level 1 of the Spider Nest
 34457 | Spider:1 | Noticed Rupert
 34461 | Spider:1 | Killed Rupert
 35471 | Spider:1 | Offered knowledge of Shatter by Vehumet.
 35471 | Spider:1 | Offered knowledge of Chain Lightning by Vehumet.
 35471 | Spider:1 | Offered knowledge of Absolute Zero by Vehumet.
 35675 | Spider:1 | Noticed Azrael
 35687 | Spider:1 | Killed Azrael
 35732 | Spider:1 | Noticed Nikola
 35742 | Spider:1 | Killed Nikola
 36732 | Vaults:1 | Entered Level 1 of the Vaults
 36817 | Vaults:1 | Identified the +8 flail of Arhuw {holy, rF+}
 37050 | Vaults:1 | Reached XP level 18. HP: 83/83 MP: 37/41
 37173 | Vaults:1 | Reached skill level 17 in Earth Magic
 37572 | Vaults:1 | Noticed a lich
 37574 | Vaults:1 | Killed a lich
 37826 | Vaults:1 | Found Icisus's General Store.
 38871 | Vaults:2 | Found a staircase to the Crypt.
 38871 | Vaults:2 | Found an ancient bone altar of Kikubaaqudgha.
 38871 | Vaults:2 | Found a basalt altar of Yredelemnul.
 38929 | Vaults:2 | Reached skill level 18 in Earth Magic
 40147 | Vaults:2 | Found Funnug's Magic Scroll Boutique.
 41055 | Vaults:3 | Reached skill level 19 in Earth Magic
 41738 | Vaults:3 | Noticed a lich
 41746 | Vaults:3 | Killed a lich
 41946 | Vaults:3 | Reached XP level 19. HP: 63/87 MP: 18/42
 42341 | Vaults:4 | Found a magical portal.
 42352 | WizLab   | Entered Iskenderun's Mystic Tower
 43356 | WizLab   | Reached skill level 20 in Earth Magic
 43892 | WizLab   | Identified the Volume of the Rocks
 43919 | WizLab   | Identified Iskenderun's Volume of Attacks
 43919 | WizLab   | Identified Iskenderun's Volume of Conjuration
 44894 | Vaults:4 | Reached skill level 21 in Earth Magic
 45560 | Vaults:4 | Reached XP level 20. HP: 91/91 MP: 41/43
 47761 | Spider:2 | Reached skill level 22 in Earth Magic
 48644 | Spider:4 | Entered Level 4 of the Spider Nest
 49373 | Spider:4 | Noticed Arachne
 49478 | Spider:4 | Killed Arachne
 51013 | Spider:4 | Got a gossamer rune of Zot
 51265 | Spider:4 | Reached skill level 23 in Earth Magic
 51602 | Spider:4 | Noticed Aizul
 51605 | Spider:4 | Killed Aizul
 52308 | Depths:1 | Entered Level 1 of the Depths
 52737 | D:15     | HP: 4/91 [spark wasp (21)]
 52737 | D:15     | Slain by a spark wasp

Illustrated notes

Levels and vault maps discovered:
D:1:      mainiacjoe_arrival_reflecting_pool, layout_rooms,
          minmay_stone_trees_medium
D:2:      layout_rooms, serial_corexii_hall, chequers_hall_statues_corner_a,
          corexii_hall_statues_t, corexii_hall_statues_t,
          chequers_hall_statues_corner_a
D:3:      layout_basic
D:4:      layout_rooms, minmay_hollow_rounded_squares
D:5:      layout_gridville, elyvilon_altar_5, serial_bayou_lagoon_a,
          uniq_crazy_yiuf_cottage, uniq_sigmund
D:6:      layout_cave_pods, minmay_temple_entry_antechambers, serial_shops,
          shop, roderic_serpentine_path, dk_noncrumbling_4,
          minmay_misc_feat_tiny
D:7:      layout_basic, lemuel_coloured_pillars_altar,
          nicolae_dithmenos_shadow_blocks
D:8:      layout_basic, chequers_temple_overflow_minitemple,
          serial_corexii_hall, corexii_hall_statues_i, chequers_hall_statues_y,
          supply_closet_lemuel, serial_bayou_lagoon_b
D:9:      layout_layer_cave, lemuel_round_altar, due_lair_maze_entry_diamond,
          uniq_maurice
D:10:     layout_irregular_city, roderic_lattice_a
D:11:     layout_gridville, david_orc_1_choice, uniq_urug, uniq_psyche
D:12:     layout_small_grid, lemuel_blue_sif_altar
D:13:     kennysheep_bubbly, layout_gridville, grunt_vaults_entry_tiered,
          serial_shops, shop_statue
D:14:     layout_cave_pools, hangedman_glass_teeth
D:15:     gammafunk_enter_depths_forms, layout_loops_cross, serial_shops,
          bzr_entry_lakeside, minmay_misc_feat_enclosed
Temple:   eino_temple_water
Lair:1:   beast_lair_carwin_large_1, layout_chaotic_city, grunt_megastairs_4
Lair:2:   layout_cave_shapes, portal_ice_cave_rime
Lair:3:   layout_cave_pods, nicolae_swamp_entry_splash_gauntlet,
          nicolae_spider_entry_orb_guardian, infiniplex_staircase_pool
Lair:4:   layout_misc_corridors, special_room [special_room_bee],
          ebering_ghost_xom
Lair:5:   nzn_winding_woodlands_large [nzn_winding_woodlands_hourglass,
          nzn_winding_woodlands_5x15_zeroes, nzn_winding_woodlands_5x5_three,
          nzn_winding_woodlands_center_diamonds,
          nzn_winding_woodlands_15x15_killbox,
          nzn_winding_woodlands_center_lodge,
          nzn_winding_woodlands_5x5_perimeter, nzn_winding_woodlands_5x15_pool,
          nzn_winding_woodlands_5x5_closed_star], layout_gridlike, minivault_23,
          worms_lemuel, lemuel_fruit_tree
Lair:6:   evilmike_catoblepas_cave, layout_layer_cave, slime_altar_1,
          nzn_masters_of_martial_movement
Swamp:1:  layout_basic_swamp, evilmike_swamp_ruin_house_5
Swamp:2:  gammafunk_worm_tunnel, layout_basic_swamp, basic_altar, swamp_pool3,
          nicolae_swamp_little_tower
Swamp:3:  layout_falls_marsh, evilmike_swamp_ruin_house_4, uniq_louise
Swamp:4:  swamp_fiery, layout_basic_swamp, ebering_ghost_rock_garden,
          swamp_pool5
Spider:1: layout_chambers, uniq_nikola, uniq_azrael, uniq_rupert
Spider:2: layout_spider_delve, nicolae_spider_cling_halls
Spider:3: layout_spider_delve, hangedman_spider_tarantella_strand
Spider:4: johnstein_spider_rune_arachne_lair, nicolae_spider_bzzzt, uniq_aizul,
          uniq_arachne
Orc:1:    layout_caves, nicolae_orc_rockfall, nicolae_orc_pool_cavern,
          bloody_makhleb, uniq_erica, uniq_fannar
Orc:2:    st_orc_pillars, layout_diamond_mine, nicolae_volcano_entry_two_sided,
          serial_shops, shop, basic_altar, rock_pile
Vaults:1: nicolae_vaults_halls_meeting, hangedman_vaults_pinch,
          vaults_dpeg_spiral, vaults_room_octagon, vaults_dpeg_hooks,
          ontoclasm_vaults_fault, vaults_room_corners, dpeg_vaults_monster_row,
          nicolae_vaults_angled_halls, v_misc_23, v_misc_23,
          vaults_dpeg_encased_lava, v_misc_9, ontoclasm_vaults_chip,
          layout_vaults_omnibox, serial_shops, shop
Vaults:2: minmay_crypt_entry_necro_gods, ontoclasm_vaults_idyll,
          v_alt_pattern_1, layout_vaults_omnigrid, serial_shops, shop
Vaults:3: ontoclasm_vaults_ring_large, ontoclasm_vaults_eye,
          nicolae_vaults_network_quincunx
          [nicolae_vaults_network_quincunx_subvault,
          nicolae_vaults_network_quincunx_subvault,
          nicolae_vaults_network_quincunx_subvault,
          nicolae_vaults_network_quincunx_subvault,
          nicolae_vaults_network_quincunx_subvault], vaults_dpeg_diagonal,
          nicolae_vaults_asterisk, vaults_room_large_hall,
          nicolae_vaults_little_squares_6, ontoclasm_vaults_decontamination,
          hangedman_vaults_hat, ontoclasm_vaults_bender, vaults_mumra_hex,
          layout_vaults_big_cross
Vaults:4: hangedman_vaults_variations, v_misc_5, hangedman_vaults_snaps,
          hangedman_vaults_corner_blocks, ontoclasm_vaults_chip,
          nicolae_vaults_bisected_slash, nicolae_vaults_network_periphery,
          nicolae_vaults_border_crossing, ontoclasm_vaults_loading_screen,
          vaults_room_pool, layout_vaults_maze_snakey, mu_enter_wizlab_4
Depths:1: layout_cross, enter_ziggurat_b, minmay_misc_feat_rows,
          rand_demon_pan_entry_1, hell_entry, hangedman_stitches_earthworm

Skill      XL: |  1  2  3  4  5  6  7  8  9 10 11 12 13 14 15 16 17 18 19 20 |
---------------+-------------------------------------------------------------+-----
Spellcasting   | 3 4 5 9 10 11 15 16 18 | 18.8
Conjurations   | 1 4 5 6 |  6.5
Earth Magic    | 3 4 5 8 9 12 13 14 16 19 21 23 | 23.0
Dodging        | 4 11 13 17 | 17.1
Shields        | 2 |  2.7
Fighting       | 4 |  4.7
Armour         | 6 7 9 |  9.0
Ice Magic      | 5 |  5.0
Translocations | 5 |  5.1
Fire Magic     | 5 |  5.0
Stealth        | |  3.0
Transmutations | |  1.3
Evocations     | |  0.1

Action                   |  1- 3 |  4- 6 |  7- 9 | 10-12 | 13-15 | 16-18 | 19-21 || total
-------------------------+-------+-------+-------+-------+-------+-------+-------++-------
Melee: Rapier            |    10 |       |       |       |       |       |       ||    10
       Staff             |       |    19 |       |     7 |    32 |    24 |    38 ||   120
Throw: Dart              |       |       |       |     1 |       |       |       ||     1
 Cast: Sandblast         |    21 |    25 |    49 |       |    45 |     9 |    11 ||   160
       Magic Dart        |    45 |   102 |   238 |    74 |     6 |    18 |     7 ||   490
       Petrify           |       |       |     4 |     9 |     1 |     2 |     1 ||    17
       Stone Arrow       |       |       |    14 |   274 |   768 |   190 |    47 ||  1293
       Searing Ray       |       |       |       |    28 |    21 |       |       ||    49
       Blink             |       |       |       |     7 |     6 |    13 |    25 ||    51
       Sticky Flame      |       |       |       |     5 |    13 |    12 |     7 ||    37
       Frozen Ramparts   |       |       |       |       |     7 |    20 |    17 ||    44
       Iskenderun's Batt |       |       |       |       |     2 |     1 |       ||     3
       Lee's Rapid Decon |       |       |       |       |   103 |   152 |   299 ||   554
       Bolt of Magma     |       |       |       |       |    30 |   101 |    20 ||   151
       Iron Shot         |       |       |       |       |       |   254 |   149 ||   403
Evoke: Wand              |       |       |       |       |       |     4 |       ||     4
  Use: Scroll            |       |       |       |       |       |    22 |     1 ||    23
       Potion            |       |       |       |       |       |     1 |     1 ||     2
 Stab: Sleeping          |     1 |       |       |       |       |       |       ||     1
Armor: Robe              |       |     5 |    13 |     7 |       |       |       ||    25
       Troll leather arm |       |       |       |    11 |    63 |    10 |       ||    84
       Swamp dragon scal |       |       |       |       |       |    43 |    75 ||   118
Dodge: Dodged            |    17 |    38 |    74 |   121 |   323 |   243 |   314 ||  1130

Table legend: (Time is in decaauts)
 A = Elapsed time spent in this place.
 B = Non-inter-level travel time spent in this place.
 C = Inter-level travel time spent in this place.
 D = Time resting spent in this place.
 E = Time spent auto-exploring this place.
 F = Levels seen in this place.
 G = Mean time per level.
                   A        B        C        D        E       F      G
               +--------+--------+--------+--------+--------+-----+--------+
         Total |  42082 |  39923 |   2159 |   6186 |  26603 |  41 | 1026.4 |
       Dungeon |  13279 |  12340 |    939 |   1333 |   8826 |  15 |  885.3 |
        Temple |     56 |     46 |     10 |      0 |     40 |   1 |   56.0 |
          Lair |   6582 |   6005 |    577 |    211 |   4494 |   6 | 1097.0 |
         Swamp |   4543 |   4354 |    189 |    820 |   2764 |   4 | 1135.8 |
   Spider Nest |   7163 |   6959 |    204 |   2161 |   3868 |   4 | 1790.8 |
  Orcish Mines |   2002 |   1965 |     37 |      5 |   1375 |   2 | 1001.0 |
        Vaults |   5817 |   5618 |    199 |    890 |   3916 |   4 | 1454.2 |
        Depths |     31 |     31 |      0 |      0 |      0 |   1 |   31.0 |
        Bazaar |    101 |    101 |      0 |      0 |     36 |   1 |  101.0 |
      Ice Cave |    555 |    555 |      0 |     40 |    335 |   1 |  555.0 |
       Volcano |    504 |    504 |      0 |     78 |    347 |   1 |  504.0 |
        Wizlab |   1443 |   1443 |      0 |    645 |    598 |   1 | 1443.0 |
               +--------+--------+--------+--------+--------+-----+--------+

Top non-repeatable levels by time:
Spider:1: 3016 daAuts
Spider:4: 2304 daAuts
Vaults:1: 1811 daAuts
     D:9: 1662 daAuts
    D:13: 1606 daAuts
Vaults:4: 1536 daAuts
Vaults:3: 1497 daAuts
 Swamp:4: 1497 daAuts
  Lair:6: 1450 daAuts
  WizLab: 1443 daAuts
   Orc:2: 1360 daAuts
  Lair:4: 1348 daAuts
Spider:3: 1300 daAuts
 Swamp:3: 1264 daAuts
  Lair:5: 1256 daAuts
